[Event "*** Titled Tuesday Blitz"]
[Site "Chess.com"]
[Date "2019.10.01"]
[Round "6"]
[White "oskariot"]
[Black "ferdipy"]
[Result "1-0"]
[WhiteElo "2687"]
[BlackElo "2171"]
[TimeControl "180+2"]
[EndTime "14:23:09 PDT"]
[Termination "oskariot won by resignation"]

1. c4 e5 2. g3 Nc6 3. Bg2 g6 4. Nc3 Bg7 5. e3 d6 6. Nge2 Be6 7. d3 Nf6 8. Rb1 a5 9. Nd5 O-O 10. O-O Qd7 11. Nec3 Ne8 12. a3 Nd8 13. b4 f5 14.
b5 h6 15. Bb2 g5 16. f4 Nf6 17. Nxf6+ Bxf6 18. Nd5 Bg7 19. Qc2 Rb8 20. Rbe1 c6 21. Nc3 Nf7 22. Qa4 cxb5 23. Qxb5 b6 24. Qxd7 Bxd7 25.
Nd5 b5 26. cxb5 Bxb5 27. Ba1 Bxd3 28. Rf2 e4 29. Ne7+ Kh7 30. Bxg7 Kxg7 31. Nxf5+ Kf6 32.
fxg5+ Kxg5 33. h4+ Kg6 34. Rc1 Rbc8 35. Rxc8 1-0

[Event "*** Titled Tuesday Blitz"]
[Site "Chess.com"]
[Date "2019.10.01"]
[Round "6"]
[White "Msb2"]
[Black "TheLancer"]
[Result "1-0"]
[WhiteElo "2887"]
[BlackElo "2562"]
[TimeControl "180+2"]
[EndTime "14:23:10 PDT"]
[Termination "Msb2 won by resignation"]

1. d4 Nf6 2. c4 e6 3. Nc3 Bb4 4.
e3 O-O 5. Bd2 c5 6. a3 Bxc3 7.
Bxc3 Ne4 8. Ne2 d6 9. dxc5 Nxc3 10. Nxc3 dxc5 11. Qc2 Qe7 12. Bd3 h6 13. O-O-O Nc6 14.
f4 Rb8 15. Rhg1 a6 16. g4 Bd7 17. g5 hxg5 18. Rxg5 f5 19. Rdg1 Rf7 20. Qg2 b5 21.
Bxf5 b4 22. Bg6 bxc3 23. Bxf7+ Kf8 24. Rxg7 cxb2+ 25. Kb1 Qf6 26. Qg6 Qc3 27. Bg8 Nd8 1-0

[Event "*** Titled Tuesday Blitz"]
[Site "Chess.com"]
[Date "2019.10.01"]
[Round "6"]
[White "arjwezhrtdrz"]
[Black "fidetrainerNET"]
[Result "1-0"]
[WhiteElo "2093"]
[BlackElo "2225"]
[TimeControl "180+2"]
[EndTime "14:23:14 PDT"]
[Termination "arjwezhrtdrz won by resignation"]

1. e4 c5 2. c3 d5 3. exd5 Qxd5 4. d4 Nc6 5. Nf3 Bg4 6. Be2 e6 7. O-O a6 8. h3 Bh5 9. Be3 Rd8 10. dxc5 Bxc5 11.
Qxd5 Rxd5 12. c4 Bxf3 13. cxd5 Bxe2 14. dxc6 Bxe3 15. fxe3 bxc6 16. Re1 Bd3 17. Nc3 e5 18. Rac1 Ne7 19. Na4 a5 20. Rc5 f6 21. Rxa5 Kf7 22. Nc5 Bf5 23. Ra7 Rb8 24. Rb7 Ra8 25. a4 g5 26. b4 Bc8 27. Rc7 Kg6 28. Rxe7 1-0

[Event "*** Titled Tuesday Blitz"]
[Site "Chess.com"]
[Date "2019.10.01"]
[Round "6"]
[White "XDPS"]
[Black "albi1999"]
[Result "0-1"]
[WhiteElo "2760"]
[BlackElo "2541"]
[TimeControl "180+2"]
[EndTime "14:23:19 PDT"]
[Termination "albi1999 won by resignation"]

1. Nf3 d5 2. d4 Nf6 3. c4 e6 4. Nc3 Bb4 5. cxd5 exd5 6. Bg5 h6 7. Bh4 O-O 8. e3 Bf5 9. Qb3 Bxc3+ 10. bxc3 Nbd7 11. Be2 c5 12. O-O c4 13. Qa3 g5 14.
Bg3 Ne4 15. Rfc1 b5 16. Qb2 Qb6 17. Bd1 a5 18. a3 Nxg3 19. hxg3 Rab8 20. Bc2 Qg6 21. Ne1 Rb6 22. Rab1 Rfb8 23. g4 Bxc2 24. Qxc2 b4 25. Qxg6+ fxg6 26. cxb4 axb4 27. axb4 Rxb4 28. Ra1 Nf6 29. Nc2 R4b6 30. f3 h5 31. gxh5 gxh5 32.
Ra7 R8b7 33. Ra5 Kf7 34. e4 Rb1 35. Rxb1 Rxb1+ 36. Kh2 dxe4 37. fxe4 Ng4+ 38. Kg3 Rb3+ 0-1

[Event "*** Titled Tuesday Blitz"]
[Site "Chess.com"]
[Date "2019.10.01"]
[Round "6"]
[White "kasparicy"]
[Black "HanSchut"]
[Result "1-0"]
[WhiteElo "2415"]
[BlackElo "2221"]
[TimeControl "180+2"]
[EndTime "14:23:20 PDT"]
[Termination "kasparicy won by resignation"]

1. e4 c5 2. Nf3 d6 3. d4 cxd4 4.
Nxd4 Nf6 5. Nc3 a6 6. Qf3 g6 7. h3 Bg7 8. Be3 O-O 9. O-O-O Qc7 10. Kb1 Nc6 11. g4 Be6 12. g5 Nh5 13. Nd5 Bxd5 14. exd5 Ne5 15. Qg2 Rfc8 16. f4 Nc4 17. Bxc4 Qxc4 18.
f5 Nf4 19. Qe4 Nxd5 20. fxg6 hxg6 21. h4 Nxe3 22. Qxe3 Bxd4 23. Rxd4 Qxc2+ 24. Ka1 Rc5 25. a3 Rb5 26. Rd2 Qc6 27. Rf1 Rc5 28. Rdf2 Rc1+ 29.
Rxc1 1-0

[Event "*** Titled Tuesday Blitz"]
[Site "Chess.com"]
[Date "2019.10.01"]
[Round "6"]
[White "ecwinslow"]
[Black "Chigorinetz"]
[Result "0-1"]
[WhiteElo "2107"]
[BlackElo "2529"]
[TimeControl "180+2"]
[EndTime "14:23:27 PDT"]
[Termination "Chigorinetz won by resignation"]

1. d4 d5 2. c4 Nc6 3. Nf3 Bg4 4. Nc3 e6 5. cxd5 exd5 6. Bf4 Bd6 7. Bg3 Nge7 8. e3 O-O 9. Be2 Nf5 10. Qb3 Nce7 11. Ne5 Bxe2 12. Nxe2 c5 13. O-O Qc7 14. Nf3 c4 15. Qc2 b5 16. Nf4 Nxg3 17. hxg3 h6 18. Qd2 b4 19. Rfc1 Rfc8 20. Nd3 a5 21. e4 dxe4 0-1

[Event "*** Titled Tuesday Blitz"]
[Site "Chess.com"]
[Date "2019.10.01"]
[Round "6"]
[White "GMKrikor"]
[Black "Parhamov"]
[Result "0-1"]
[WhiteElo "2794"]
[BlackElo "3028"]
[TimeControl "180+2"]
[EndTime "14:23:28 PDT"]
[Termination "Parhamov won by resignation"]

1. Nf3 g6 2. e4 Bg7 3. d4 d6 4. Nc3 Nf6 5. Be2 O-O 6. O-O Bg4 7. Be3 Nc6 8. h3 Bxf3 9. Bxf3 e5 10. dxe5 dxe5 11.
Nd5 Nxd5 12. exd5 Ne7 13. Bc5 Re8 14. c3 Nf5 15. Re1 b6 16. Ba3 Nd6 17. Rc1 f5 18. Be2 e4 19. c4 f4 20. Bg4 Nf5 21. c5 bxc5 22. Rxc5 Bd4 23. Rc4 e3 24. fxe3 Bxe3+ 25. Kh2 Qg5 26. d6 cxd6 27. Qd5+ Kg7 28. b3 h5 29.
Bb2+ Kh6 30. Qb7 hxg4 0-1

[Event "*** Titled Tuesday Blitz"]
[Site "Chess.com"]
[Date "2019.10.01"]
[Round "6"]
[White "beccrajoy"]
[Black "Olga_Zhuravleva"]
[Result "0-1"]
[WhiteElo "1772"]
[BlackElo "2193"]
[TimeControl "180+2"]
[EndTime "14:23:32 PDT"]
[Termination "Olga_Zhuravleva won by resignation"]

1. e4 e5 2. Nf3 Nc6 3. Bb5 f5 4. d3 Nf6 5. O-O Bc5 6. c3 Bb6 7.
Bxc6 dxc6 8. Nxe5 fxe4 9. dxe4 Qxd1 10. Rxd1 Nxe4 11. Be3 Bxe3 12. fxe3 O-O 13. Nd2 Nd6 14. Nec4 Nf5 15. e4 Ne7 16. Rf1 Be6 17. Ne3 Rad8 18. Nf3 Ng6 19. b3 Rd3 20. Nd4 Rxe3 21. Nxe6 Rxf1+ 22. Rxf1 Rxe4 23. Nxc7 Re7 24. Na8 Nf8 25. Rd1 Re8 26.
Nc7 Rc8 0-1

[Event "*** Titled Tuesday Blitz"]
[Site "Chess.com"]
[Date "2019.10.01"]
[Round "6"]
[White "Durarbayli"]
[Black "Darhild"]
[Result "1-0"]
[WhiteElo "2801"]
[BlackElo "2638"]
[TimeControl "180+2"]
[EndTime "14:23:34 PDT"]
[Termination "Durarbayli won by checkmate"]

1. e4 c5 2. Nf3 d6 3. d4 cxd4 4. Nxd4 Nf6 5. Nc3 a6 6. Bc4 e6 7. Bb3 Nbd7 8. f4 Nc5 9. Qf3 Be7 10. g4 Qc7 11. g5 Nfd7 12. Qh3 b5 13. g6 Nf6 14.
gxf7+ Kxf7 15. f5 Nxb3 16. fxe6+ Kg8 17. axb3 Bb7 18. Rg1 b4 19. Rxg7+ Kxg7 20. Bh6+ Kg6 21. Qg3+ Kxh6 22. Nf5+ Kh5 23. Qh4+ Kg6 24. Qh6# 1-0

[Event "*** Titled Tuesday Blitz"]
[Site "Chess.com"]
[Date "2019.10.01"]
[Round "6"]
[White "eldur16"]
[Black "Olga_Girya"]
[Result "1/2-1/2"]
[WhiteElo "2624"]
[BlackElo "2495"]
[TimeControl "180+2"]
[EndTime "14:23:34 PDT"]
[Termination "Game drawn by repetition"]

1. e4 c6 2. d4 d5 3. e5 Bf5 4.
Nd2 e6 5. Nb3 c5 6. dxc5 Bxc5 7.
Nxc5 Qa5+ 8. c3 Qxc5 9. Be3 Qc7 10. f4 Ne7 11. Nf3 Nd7 12. Be2 O-O 13. O-O a6 14. a4 Nc5 15. Nd4 Be4 16. b4 Nd7 17. Qe1 Nf5 18.
Nxf5 Bxf5 19. a5 Rac8 20. Bd4 Be4 21. g4 f6 22. Qg3 fxe5 23. fxe5 Rxf1+ 24. Rxf1 Rf8 25. h4 Rxf1+ 26. Bxf1 Nb8 27. Bc5 Qf7 28. Be2 Nc6 29. g5 Bg6 30. Bg4 Bf5 31. Be2 Bg6 32. Bg4 Bf5 33. Be2 Bg6 1/2-1/2

[Event "*** Titled Tuesday Blitz"]
[Site "Chess.com"]
[Date "2019.10.01"]
[Round "6"]
[White "djano"]
[Black "Keaton87"]
[Result "1-0"]
[WhiteElo "2404"]
[BlackElo "2578"]
[TimeControl "180+2"]
[EndTime "14:23:36 PDT"]
[Termination "djano won by resignation"]

1. c4 g6 2. g3 Nf6 3. Bg2 d5 4. cxd5 Nxd5 5. Nc3 Nb6 6. Nf3 Bg7 7. d4 Nc6 8. d5 Bxc3+ 9. bxc3 Qxd5 10. Bd2 Nc4 11. O-O Nxd2 12. Nxd2 Qh5 13. Qa4 O-O 14. e3 Bd7 15. Rab1 Ne5 16. Qa3 Bc6 17. Bxc6 bxc6 18.
Qxe7 Rad8 19. Ne4 Ng4 20. Nf6+ Nxf6 21. Qxf6 Rd6 22. Qe7 Qa5 23. Rb7 Qxc3 24. Rxc7 Rd2 25. Rxa7 c5 26. Rc7 c4 27. Qe4 Rc2 28. a4 Qb4 29.
Qxc2 1-0

[Event "*** Titled Tuesday Blitz"]
[Site "Chess.com"]
[Date "2019.10.01"]
[Round "6"]
[White "Me_ch_an"]
[Black "ENEASZ"]
[Result "0-1"]
[WhiteElo "2355"]
[BlackElo "2516"]
[TimeControl "180+2"]
[EndTime "14:23:40 PDT"]
[Termination "ENEASZ won by resignation"]

1. e4 d6 2. d4 Nf6 3. Nc3 e5 4. dxe5 dxe5 5. Qxd8+ Kxd8 6. Bg5 Be6 7. O-O-O+ Nd7 8.
Nf3 Bd6 9. Be2 Ke7 10. h3 h6 11. Be3 c6 12. Rd2 b5 13. Rhd1 Bc7 14. Bd3 Bb6 15. Bxb6 axb6 16. a3 Nh5 17. Ne2 Ra7 18. g4 Nhf6 19.
Ng3 b4 20. Nh4 g6 21. Nhf5+ gxf5 22. gxf5 bxa3 23. bxa3 Rxa3 24. fxe6 fxe6 25. Kb2 Rha8 26. Bc4 Nc5 27. Rd6 Rf3 28. Rxc6 Rxf2 29. Rxb6 Na4+ 0-1

[Event "*** Titled Tuesday Blitz"]
[Site "Chess.com"]
[Date "2019.10.01"]
[Round "6"]
[White "cherryandmint"]
[Black "mbojan"]
[Result "0-1"]
[WhiteElo "2753"]
[BlackElo "2572"]
[TimeControl "180+2"]
[EndTime "14:23:47 PDT"]
[Termination "mbojan won by checkmate"]

1. e4 g6 2. d4 Bg7 3. Nc3 d6 4.
Be3 a6 5. Qd2 b5 6. h4 h5 7. Nh3 Bxh3 8. Rxh3 Nd7 9. a4 b4 10.
Nd5 a5 11. Bb5 e6 12. Nf4 Ne7 13. O-O-O c6 14. Be2 d5 15. f3 Rc8 16. Rg1 dxe4 17.
fxe4 e5 18. dxe5 Nxe5 19. Qxd8+ Rxd8 20. Bb6 Ra8 21. b3 O-O 22. Kb1 Nc8 23. Bc5 Re8 24.
g4 hxg4 25. Bxg4 Nxg4 26. Rxg4 Rxe4 27. Rh1 Ne7 28. Rhg1 Re8 29. Nd3 Rxg4 30. Rxg4 Nd5 31. Kc1 Bh6+ 32. Kd1 Nc3# 0-1

[Event "*** Titled Tuesday Blitz"]
[Site "Chess.com"]
[Date "2019.10.01"]
[Round "6"]
[White "TheFireChess"]
[Black "Leonid_Starozhilov"]
[Result "0-1"]
[WhiteElo "2508"]
[BlackElo "2678"]
[TimeControl "180+2"]
[EndTime "14:23:50 PDT"]
[Termination "Leonid_Starozhilov won by resignation"]

1. e4 g6 2. g3 Bg7 3. Bg2 c5 4. Nc3 Nc6 5. d3 e5 6. Be3 Nd4 7. Nge2 Ne7 8. Qd2 d6 9. f4 O-O 10. O-O Be6 11. Rae1 Qd7 12. Nd1 f5 13. b3 Rae8 14.
fxe5 dxe5 15. c3 Nxe2+ 16. Qxe2 b6 17. c4 Nc6 18. Nc3 f4 19. Bc1 Qd4+ 20. Kh1 Qxc3 21. gxf4 Nd4 22. Qd1 exf4 23. Bxf4 Qc2 24. Qxc2 Nxc2 25.
Re2 Nd4 26. Ref2 Rf7 27. Bg3 Ref8 28. Rxf7 Rxf7 29. Rxf7 Kxf7 30. Bb8 Nc6 31. Bd6 Be5 32. Bxe5 Nxe5 0-1

[Event "*** Titled Tuesday Blitz"]
[Site "Chess.com"]
[Date "2019.10.01"]
[Round "6"]
[White "Playgood28"]
[Black "MasterKroket"]
[Result "1/2-1/2"]
[WhiteElo "2294"]
[BlackElo "2422"]
[TimeControl "180+2"]
[EndTime "14:23:58 PDT"]
[Termination "Game drawn by agreement"]

1. d4 Nf6 2. c4 e6 3. Nc3 Bb4 4. Qc2 d5 5. a3 Bxc3+ 6. Qxc3 dxc4 7. Qxc4 O-O 8. e3 b6 9. b4 c6 10. a4 a5 11. Ba3 axb4 12. Qxb4 Re8 13. Nf3 Nd5 14.
Qb3 b5 15. axb5 Qa5+ 16. Nd2 Bd7 17. Bd3 cxb5 18. Bb2 Qxa1+ 19. Bxa1 Rxa1+ 20. Nb1 Nc6 21. O-O Ncb4 22. Nc3 Rxf1+ 23. Bxf1 Rc8 24. Nxd5 Nxd5 25. e4 Nc3 26. f3 g6 27. h4 h5 28. Bd3 Kg7 1/2-1/2

[Event "*** Titled Tuesday Blitz"]
[Site "Chess.com"]
[Date "2019.10.01"]
[Round "6"]
[White "MoonlighT89"]
[Black "Hikaru"]
[Result "0-1"]
[WhiteElo "2557"]
[BlackElo "3153"]
[TimeControl "180+2"]
[EndTime "14:24:04 PDT"]
[Termination "Hikaru won by resignation"]

1. e4 c5 2. Nf3 d6 3. d4 cxd4 4. Nxd4 Nf6 5. Nc3 a6 6. h3 e5 7. Nde2 h5 8. g3 b5 9. Bg2 Bb7 10. O-O Nbd7 11. Nd5 Nxd5 12. exd5 g6 13. f4 f5 14.
fxe5 dxe5 15. Be3 Bd6 16. Qd2 Rc8 17. Rad1 Qc7 18. Bh6 Qxc2 19. Qg5 Rg8 20. Rfe1 Be7 21. Qd2 Qxd2 22. Rxd2 Bb4 23. Nc3 g5 24. h4 gxh4 25. gxh4 Rxc3 26. bxc3 Bxc3 27. Red1 Bxd2 28. Rxd2 Rg4 29.
Bg5 Nb6 30. Kh2 Ra4 31. Bf3 Kd7 32. Bxh5 Bxd5 33. Bg6 Ke6 34. h5 Rg4 35. h6 Nc4 36.
Rxd5 Rxg5 37. h7 Rxg6 38. h8=Q Kxd5 39. Qa8+ Rc6 40. Qd8+ Nd6 41. Kg2 f4 42. Qg8+ Kd4 43. Qg7 Rc2+ 44. Kf1 Nc4 45. Qa7+ Kd3 46. Qxa6 Rb2 47. a4 f3 48. axb5 Ne3+ 49. Kg1 f2+ 0-1

[Event "*** Titled Tuesday Blitz"]
[Site "Chess.com"]
[Date "2019.10.01"]
[Round "6"]
[White "MathiasWomacka"]
[Black "LazarusChess92"]
[Result "1-0"]
[WhiteElo "2296"]
[BlackElo "2518"]
[TimeControl "180+2"]
[EndTime "14:24:05 PDT"]
[Termination "MathiasWomacka won by resignation"]

1. e4 c5 2. Nf3 d6 3. d4 cxd4 4. Nxd4 Nf6 5. Nc3 a6 6. Be2 e5 7. Nb3 Be6 8. f4 b5 9. f5 Bc4 10. Bxc4 bxc4 11. Nd2 Qc7 12. Qe2 Nbd7 13. Nxc4 Be7 14.
Bg5 Rc8 15. Ne3 Qb7 16. O-O Qxb2 17. Bxf6 Nxf6 18. Ncd5 Nxd5 19. Nxd5 Rxc2 20. Qg4 Bd8 21. Qxg7 Rf8 22. Rab1 Qxa2 23. Rb8 Kd7 24. Kh1 Ke8 25. Rxd8+ Kxd8 26. Qxf8+ Kd7 1-0

[Event "*** Titled Tuesday Blitz"]
[Site "Chess.com"]
[Date "2019.10.01"]
[Round "6"]
[White "chesstatour"]
[Black "Godzillator"]
[Result "0-1"]
[WhiteElo "2032"]
[BlackElo "2371"]
[TimeControl "180+2"]
[EndTime "14:24:05 PDT"]
[Termination "Godzillator won by resignation"]

1. c4 c6 2. e4 d5 3. exd5 cxd5 4. cxd5 Nf6 5. Nc3 Nxd5 6. d4 e6 7. Nf3 Bb4 8. Bd2 O-O 9. Bd3 Nc6 10. O-O Be7 11. a3 Bf6 12. Be3 Nxe3 13. fxe3 b6 14.
Rc1 Bb7 15. Qe2 Rc8 16. Ba6 Bxa6 17. Qxa6 Qd7 18. Rcd1 g6 19. Nd2 Bg7 20. Nde4 Qe7 21. Ng3 Rfd8 22. Qe2 Rd7 23. Kh1 Rcd8 24. Rc1 Na5 25. Qb5 Bh6 26. Rfe1 Qh4 27. b4 Nb7 28. Qe2 Nd6 29. Rf1 Nf5 30. Nxf5 exf5 31. Rce1 Re8 32. Qf3 Qg5 33. e4 Qd2 34. exf5 Rxe1 35. fxg6 Rxf1+ 36. Qxf1 hxg6 37. Ne4 Qxd4 38. Nf6+ Qxf6 0-1

[Event "*** Titled Tuesday Blitz"]
[Site "Chess.com"]
[Date "2019.10.01"]
[Round "6"]
[White "Alex_Terzi"]
[Black "BlueWizzard"]
[Result "0-1"]
[WhiteElo "2624"]
[BlackElo "2839"]
[TimeControl "180+2"]
[EndTime "14:24:09 PDT"]
[Termination "BlueWizzard won by checkmate"]

1. e4 c5 2. Nc3 a6 3. f4 b5 4. Nf3 Bb7 5. d3 e6 6. g3 d5 7. e5 h5 8. h3 Nh6 9. d4 Nf5 10.
Rg1 cxd4 11. Nxd4 Qb6 12. Nce2 Bc5 13. c3 Nc6 14. Nxf5 Bf2+ 15. Kd2 exf5 16. Rg2 Rd8 17. Kc2 d4 18. cxd4 Nb4+ 19. Kb3 Qa5 20. Nc3 Rxd4 21. Qe2 Bd5+ 22. Nxd5 Qa4+ 23. Kc3 Nxd5# 0-1

[Event "*** Titled Tuesday Blitz"]
[Site "Chess.com"]
[Date "2019.10.01"]
[Round "6"]
[White "chessS1r"]
[Black "benhal"]
[Result "1-0"]
[WhiteElo "2477"]
[BlackElo "2311"]
[TimeControl "180+2"]
[EndTime "14:24:09 PDT"]
[Termination "chessS1r won by resignation"]

1. d4 Nf6 2. Nf3 c5 3. d5 b5 4. Bg5 Qb6 5. Bxf6 Qxf6 6. c3 g6 7. Nbd2 Bg7 8. e4 Qb6 9. a4 b4 10. Nc4 Qb7 11. e5 O-O 12. Be2 d6 13. O-O dxe5 14.
Nfxe5 Nd7 15. Nc6 Nb6 16. Nxb6 axb6 17. Bf3 bxc3 18. bxc3 Bf5 19. Re1 Rae8 20. d6 exd6 21. Ne7+ Qxe7 22. Rxe7 Rxe7 23. Qxd6 Bxc3 24. Qxe7 Bxa1 25.
Qc7 Re8 26. g4 Bc2 27. Qxb6 Bxa4 28. Qa5 Bd4 29. Qxa4 Rb8 30. Bd5 Rb2 31. Qe8+ Kg7 32. Qxf7+ Kh6 33. h4 Bxf2+ 34. Qxf2 Rxf2 35. Kxf2 Kg7 36. g5 h6 37. Ke3 hxg5 38. hxg5 Kf8 39. Kf4 Ke7 40. Ke5 1-0

[Event "*** Titled Tuesday Blitz"]
[Site "Chess.com"]
[Date "2019.10.01"]
[Round "6"]
[White "NiranjanNavalgund"]
[Black "raviteja81293"]
[Result "0-1"]
[WhiteElo "2429"]
[BlackElo "2609"]
[TimeControl "180+2"]
[EndTime "14:24:10 PDT"]
[Termination "raviteja81293 won by resignation"]

1. d4 d5 2. Nf3 e6 3. c4 Nf6 4. g3 Nbd7 5. Bg2 Be7 6. O-O O-O 7. Nbd2 b6 8. b3 Bb7 9. Bb2 c5 10. cxd5 Nxd5 11. Rc1 Rc8 12. a3 cxd4 13. Nxd4 Rxc1 14. Qxc1 Qa8 15. N2f3 Rc8 16. Qa1 Bf6 17. Rc1 Nc5 18. Qa2 Ne4 19. Nb5 a6 20. Rxc8+ Qxc8 21. Nfd4 axb5 22. Bxe4 Bxd4 23. Bxd4 Qc1+ 24. Kg2 Nc3 25. Bxc3 Bxe4+ 26. f3 Bxf3+ 27. exf3 Qxc3 28. Qb1 g6 29. Qd1 Kg7 30. Qd6 Qxb3 31. Qxb6 Qa2+ 32. Kh3 Qd5 33. Kg2 Qa2+ 34. Kg1 Qxa3 35. Qd4+ Kg8 36. Qd8+ Qf8 37.
Qb6 b4 38. Kg2 h5 39. h4 Qe7 40. Kh3 e5 41. Qa6 Qe6+ 0-1

[Event "*** Titled Tuesday Blitz"]
[Site "Chess.com"]
[Date "2019.10.01"]
[Round "6"]
[White "Quaritch79"]
[Black "Babas"]
[Result "1/2-1/2"]
[WhiteElo "2309"]
[BlackElo "2465"]
[TimeControl "180+2"]
[EndTime "14:24:11 PDT"]
[Termination "Game drawn by repetition"]

1. e4 e5 2. f4 exf4 3. Nf3 h6 4. Bc4 g5 5. d4 Bg7 6. h4 c6 7. Nc3 b5 8. Bb3 b4 9. Ne2 d5 10. e5 Bf5 11. Bd2 a5 12. a3 Na6 13. g3 g4 14. Nh2 f3 15. Nf4 h5 16. O-O Ne7 17. Rf2 Qb6 18. Nf1 Nc7 19. c3 bxc3 20. bxc3 Ne6 21.
Nxe6 fxe6 22. Bc2 O-O 23. Ne3 c5 24. Rb1 Qa7 25. Nxf5 Nxf5 26. Bxf5 Rxf5 27. Be3 cxd4 28. cxd4 Bxe5 29. Rfb2 Rf7 30. Bf2 Bd6 31. Qd2 Qc7 32. Qg5+ Rg7 33. Qh6 Bxg3 34. Qxe6+ Kh8 35. Qh6+ Kg8 36.
Qe6+ Kh8 37. Qh6+ Rh7 38. Qf6+ Kg8 39. Qg6+ Rg7 40. Qe6+ 1/2-1/2

[Event "*** Titled Tuesday Blitz"]
[Site "Chess.com"]
[Date "2019.10.01"]
[Round "6"]
[White "Keranke"]
[Black "Micki-taryan"]
[Result "0-1"]
[WhiteElo "2812"]
[BlackElo "2975"]
[TimeControl "180+2"]
[EndTime "14:24:13 PDT"]
[Termination "Micki-taryan won by resignation"]

1. d4 Nf6 2. c4 e6 3. g3 c5 4. Nf3 cxd4 5. Nxd4 Bb4+ 6. Bd2 Qb6 7.
Nb3 Ne4 8. e3 Nxd2 9. N1xd2 Qc6 10. Rg1 O-O 11. Qc2 Na6 12. Bg2 Qc7 13. a3 Be7 14.
O-O-O d6 15. Kb1 Rb8 16. Rc1 Bd7 17. Rgd1 Rfc8 18. Nd4 Nc5 19. Ne4 Qb6 20. Nxc5 Rxc5 21. Qb3 Qc7 22. Nb5 Qb6 23. Nd4 Qa6 24. Bf1 Ba4 25.
Qb4 Bxd1 26. Rxd1 Rbc8 27. Qb3 g6 28. Nb5 Qb6 29. Qa4 a6 30. Nc3 Bf6 31. Qb4 Qc6 32. Na4 Rf5 33. Rxd6 Qh1 34. Qe1 Qxh2 35. Rd2 Qh1 36. Rc2 Rd8 37. Ka2 b5 38. Nb6 bxc4 39. Nxc4 Rb8 40. Qe2 Rfb5 41. e4 Bd4 42. Qd3 e5 43. Be2 Rb3 44. Qd2 Qxe4 45. Nd6 Qxc2 0-1

[Event "*** Titled Tuesday Blitz"]
[Site "Chess.com"]
[Date "2019.10.01"]
[Round "6"]
[White "Aggressus"]
[Black "Grebeniuk-S"]
[Result "0-1"]
[WhiteElo "2335"]
[BlackElo "2493"]
[TimeControl "180+2"]
[EndTime "14:24:15 PDT"]
[Termination "Grebeniuk-S won on time"]

1. e4 c5 2. Nf3 d6 3. d4 cxd4 4. Qxd4 Nc6 5. Bb5 Bd7 6. Bxc6 Bxc6 7. Nc3 Nf6 8. Bg5 Qa5 9. O-O-O h6 10. Bh4 g5 11. Bg3 Bg7 12. e5 Nd7 13. Nd5 Rc8 14. Nxe7 Kxe7 15. Qxd6+ Ke8 16. e6 fxe6 17. Qxe6+ Kd8 18. Rhe1 Qb4 19. c3 Ba4 0-1

[Event "*** Titled Tuesday Blitz"]
[Site "Chess.com"]
[Date "2019.10.01"]
[Round "6"]
[White "j_coca"]
[Black "dolynachess"]
[Result "0-1"]
[WhiteElo "2100"]
[BlackElo "2400"]
[TimeControl "180+2"]
[EndTime "14:24:18 PDT"]
[Termination "dolynachess won by resignation"]

1. f4 e5 2. fxe5 d6 3. exd6 Bxd6 4. Nf3 g5 5. d4 g4 6. Ng5 f5 7. e4 h6 8. e5 hxg5 9. exd6 cxd6 10. Nc3 Nc6 11.
Bb5 a6 12. Bxc6+ bxc6 13. O-O f4 14. d5 c5 15. Qe2+ Qe7 16. Re1 Qxe2 17. Rxe2+ Kf8 18.
Ne4 f3 19. gxf3 gxf3 20. Rf2 g4 21. Nxd6 Nf6 22. c4 Bd7 23. Bf4 a5 24. Be5 Rh6 25. Bxf6 Rxf6 26. Ne4 Rf4 27. Nxc5 Bf5 28. b3 Kf7 29. Re1 Rh8 30. Nb7 Kf6 31. Nd6 Bd7 32.
Ne4+ Kg6 33. Nc5 Bf5 34. Ne6 Re4 35. Rxe4 Bxe4 36. Rd2 Kf5 37. Nd4+ Kf4 38. d6 Ke3 39. Rd1 f2+ 40. Kf1 Rxh2 0-1

[Event "*** Titled Tuesday Blitz"]
[Site "Chess.com"]
[Date "2019.10.01"]
[Round "6"]
[White "WiktoriaPOL"]
[Black "ShahMatKanal"]
[Result "0-1"]
[WhiteElo "2267"]
[BlackElo "2449"]
[TimeControl "180+2"]
[EndTime "14:24:19 PDT"]
[Termination "ShahMatKanal won by checkmate"]

1. c4 e6 2. Nc3 d5 3. cxd5 exd5 4. d4 c6 5. Nf3 Bd6 6. Bg5 Ne7 7. e3 Bf5 8. Bd3 Bxd3 9. Qxd3 O-O 10. O-O Nd7 11. a3 a5 12. Rab1 Qb8 13. b4 axb4 14. axb4 b5 15. Rfc1 Nb6 16. Bxe7 Bxe7 17. Ne5 Qb7 18. e4 Nc4 19. exd5 cxd5 20. f4 Ra3 21. Ra1 Bxb4 22. Rxa3 Bxa3 23. Rb1 b4 24. Nxc4 dxc4 25. Qxc4 Rc8 26. Qd5 Qe7 27. Nb5 Qe3+ 28. Kf1 Qd3+ 29. Kf2 Rc2+ 30. Kg1 Qe3+ 31. Kh1 Qc1+ 32. Rxc1 Rxc1# 0-1

[Event "*** Titled Tuesday Blitz"]
[Site "Chess.com"]
[Date "2019.10.01"]
[Round "6"]
[White "alishersuleymenov"]
[Black "patrisiii123"]
[Result "1-0"]
[WhiteElo "2716"]
[BlackElo "2491"]
[TimeControl "180+2"]
[EndTime "14:24:20 PDT"]
[Termination "alishersuleymenov won on time"]

1. d4 d5 2. Bf4 Bf5 3. e3 e6 4. Nf3 c5 5. c3 Nc6 6. Nbd2 cxd4 7. exd4 Bd6 8. Bg3 Nf6 9. Be2 O-O 10. O-O Bxg3 11. hxg3 Rb8 12. a4 a6 13. b4 Rc8 14.
Nb3 Ne4 15. Rc1 a5 16. b5 Nb8 17. c4 dxc4 18. Bxc4 b6 19. Ne5 Qd6 20. Qe2 Qb4 21. g4 Nc3 22. Rxc3 Qxc3 23. gxf5 exf5 24. Rc1 Qb4 25. Bxf7+ Kh8 26. Rxc8 Rxc8 27. Qh5 g6 28. Qh6 Rg8 29. Nxg6+ Rxg6 30. Bxg6 Qe1+ 31. Kh2 Qe7 32.
Bxf5 Qc7+ 33. f4 Qe7 34. Nd2 Nd7 35. Bxd7 1-0

[Event "*** Titled Tuesday Blitz"]
[Site "Chess.com"]
[Date "2019.10.01"]
[Round "6"]
[White "SoltaniciR"]
[Black "kacprekt"]
[Result "0-1"]
[WhiteElo "2562"]
[BlackElo "2421"]
[TimeControl "180+2"]
[EndTime "14:24:24 PDT"]
[Termination "kacprekt won by resignation"]

1. e4 c5 2. Nf3 e6 3. d4 cxd4 4. Nxd4 Nc6 5. Nc3 Qc7 6. Be3 Nf6 7. Be2 a6 8. O-O Bb4 9. Na4 O-O 10. c4 Be7 11.
Nc3 Bb4 12. f3 Rd8 13. Rc1 d5 14. cxd5 exd5 15. Nxd5 Nxd5 16. exd5 Qe5 17. Bf2 Nxd4 18. Qxd4 Qxd4 19. Bxd4 Rxd5 20. Bb6 Rd2 21. Bc4 Bf5 22.
a3 Bf8 23. b4 Re8 24. Rfd1 Rb2 25. Re1 Rxe1+ 26. Rxe1 Bd7 27. Bd5 Bb5 28. Bxb7 Ra2 29. Re3 g6 30. Bd4 Bh6 31. Rc3 Bd7 32. Bxa6 Bd2 33. Rc7 Be6 34. Bc4 Rc2 35. Bxe6 Rxc7 36. Bb3 Rd7 37. Bb2 Be3+ 38. Kf1 Rd2 39. Be5 Rd3 40. Bc4 Rxa3 0-1

[Event "*** Titled Tuesday Blitz"]
[Site "Chess.com"]
[Date "2019.10.01"]
[Round "6"]
[White "aa175"]
[Black "googlegoom"]
[Result "1-0"]
[WhiteElo "2308"]
[BlackElo "2468"]
[TimeControl "180+2"]
[EndTime "14:24:25 PDT"]
[Termination "aa175 won by resignation"]

1. d4 d5 2. Bf4 Nf6 3. e3 c5 4.
c3 Nc6 5. Nd2 e6 6. Ngf3 Bd6 7.
Bg3 Qe7 8. Qa4 O-O 9. Bxd6 Qxd6 10. Bb5 Bd7 11. Qa3 a6 12. dxc5 Qc7 13. Be2 e5 14. b4 Bg4 15. h3 Bh5 16. Nb3 e4 17. Nfd4 Bxe2 18. Nxe2 Ne5 19. O-O g5 20. Rad1 h5 21.
Ned4 h4 22. Qa5 Qe7 23. Nf5 Qe6 24. Nbd4 Qe8 25. Qb6 Ned7 26. Qxb7 Qe5 27. Nc6 Qe8 28. Nce7+ Kh7 29. Nxd5 Qe5 30. Nxf6+ Nxf6 31. Nd6 Qe6 32.
Rd4 Rab8 33. Qc6 g4 34. hxg4 Nxg4 35. Qxe4+ Qxe4 36. Rxe4 Nf6 37. Rxh4+ Kg7 38. f4 a5 39. Rf3 Rfd8 40. Nf5+ Kf8 41. Rh8+ Ng8 42. Rg3 Ke8 43. Rgxg8+ Kd7 44. Rxd8+ 1-0